 Dungeon Crawl Stone Soup version 0.28.0-53-g5a82cb258f (webtiles) character file.

Game seed: 5199445102789706

620 DocClef the Cutter (level 7, 0/59 (60) HPs)
             Began as a White Draconian Fighter on June 14, 2022.
             Slain by a water moccasin (3 damage)
             ... on level 5 of the Dungeon.
             The game lasted 00:05:40 (5133 turns).

DocClef the Cutter (White Draconian Fighter)        Turns: 5133, Time: 00:05:41

HP:   0/59 (60)     AC:  6    Str: 18    XL:     7   Next: 22%
MP:   7/7           EV: 13    Int:  9    God:
Gold: 237           SH:  5    Dex: 12    Spells: 6/6 levels left

rFire   . . .      SeeInvis .   k - +1 dagger (elec)
rCold   + . .      Faith    .   b - +0 buckler
rNeg    . . .      Spirit   .   (armour unavailable)
rPois   .          Reflect  .   (helmet restricted)
rElec   .          Harm     .   (no cloak)
rCorr   .          Rampage  .   (no gloves)
Will    .....                   (no boots)
Stlth   ++........              (no amulet)
HPRegen 0.19/turn               (no ring)
MPRegen 0.10/turn               (no ring)

@: lethally poisoned (0 -> -13), short of breath, lightly drained
A: breathe frost, AC +6, unfitting armour, cold resistance 1, cold-blooded
a: Breathe Frost


You were on level 5 of the Dungeon.
You visited 1 branch of the dungeon, and saw 5 of its levels.

You collected 237 gold pieces.

Inventory:

Hand Weapons
 a - a +0 rapier
 k - a +1 dagger of electrocution (weapon)
Armour
 b - a +0 buckler (worn)
Jewellery
 i - a ring of fire
Wands
 f - a wand of paralysis (7)
 l - a wand of flame (32)
Scrolls
 d - a scroll of torment {unknown}
 g - a scroll of teleportation {unknown}
 j - a scroll of noise {unknown}
 m - a scroll of summoning {unknown}
 n - a scroll of enchant weapon {unknown}
 o - 3 scrolls of fog {unknown}
 p - a scroll of identify {unknown}
Potions
 c - 2 potions of might
 e - 2 potions of lignification
 h - 2 potions of curing {unknown}
 q - a potion of flight {unknown}


   Skills:
 + Level 4.7 Fighting
 + Level 4.7 Short Blades
 + Level 4.4 Dodging
 + Level 2.2 Stealth
 + Level 4.3 Shields


You had 6 spell levels left.
You didn't know any spells.
Your spell library contained the following spells:

 Spells                   Type           Power      Damage    Failure   Level
 Ensorcelled Hibernation  Hex/Ice        0%         N/A       61%         2
 Spider Form              Tmut/Pois      0%         N/A       83%         3
 Anguish                  Hex/Necr       0%         N/A       99%         4


Dungeon Overview and Level Annotations

Branches:
Dungeon (5/15)             Temple (0/1) D:4

Altars:

Shops:
D:1 =   D:2 ?   D:3 ?=[([

Annotations:
D:4 Dowan, Duvessa


Innate Abilities, Weirdness & Mutations

You can breathe waves of freezing cold which knock back foes.
Your icy white scales are hard. (AC +6)
You cannot fit into any form of body armour.
Your flesh is cold resistant. (rC+)
You are cold-blooded and may be slowed by cold attacks.


Message History

The water moccasin poisons you! The water moccasin closely misses you.
You hit the water moccasin.
Your tail-slap misses the water moccasin.
The water moccasin is almost dead.
You feel very sick. The water moccasin bites you.
You closely miss the water moccasin.
The water moccasin is almost dead.
You feel very sick. The water moccasin closely misses you.
The bullfrog zombie barely misses you.
You closely miss the water moccasin.
The water moccasin is almost dead.
You feel sick. The water moccasin bites you.
You are more poisoned.
The water moccasin poisons you! The bullfrog zombie hits you.
You closely miss the water moccasin.
The water moccasin is almost dead.
You feel very sick. You block the water moccasin's attack.
The bullfrog zombie closely misses you.
You closely miss the water moccasin.
The water moccasin is almost dead.
You feel very sick. The water moccasin barely misses you.
The bullfrog zombie hits you.
* * * LOW HITPOINT WARNING * * *
You barely miss the water moccasin.
Your tail-slap misses the water moccasin.
The water moccasin is almost dead.
* * * LOW HITPOINT WARNING * * *
You feel very sick. The water moccasin barely misses you.
The bullfrog zombie hits you but does no damage.
The water moccasin bites you but does no damage.
You barely miss the water moccasin.
The water moccasin is almost dead.
* * * LOW HITPOINT WARNING * * *
You feel very sick. The bullfrog zombie hits you.
* * * LOW HITPOINT WARNING * * *
The water moccasin bites you.
You die...

## .. . # #. .#
#####.#######..#
...........@S..#
######.##Z###.....
#.##.##...#.. #.......#
###.##.### #...##...###
#######.###..#....
#......†# ......##########
#.#####......##............


You could see a water moccasin and a bullfrog zombie.

Vanquished Creatures
  A water moccasin (D:4)
  A centaur (D:5)
  A scorpion (D:5)
  A jelly (D:4)
  A bullfrog skeleton (D:4)
  An orc priest (D:5)
  An iguana (D:4)
  3 orc wizards
  A hound skeleton (D:4)
  5 gnolls
  2 adders
  A dart slug (D:2)
  27 orcs
  2 bats
  8 endoplasms
  2 giant cockroaches
  2 goblins
  7 hobgoblins
  4 jackals (D:3)
  3 quokkas
  3 ball pythons
  3 frilled lizards
  8 kobolds
  A rat (D:1)
89 creatures vanquished.

Vanquished Creatures (others)
  An orc wizard (D:4)
  2 plants
3 creatures vanquished.

Grand Total: 92 creatures vanquished

Notes
Turn   | Place    | Note
-------+----------+-------------------------------------------
     0 | D:1      | DocClef the Draconian Fighter began the quest for the Orb.
     0 | D:1      | Reached XP level 1. HP: 19/19 MP: 1/1
   296 | D:1      | Reached XP level 2. HP: 23/26 MP: 2/2
   845 | D:1      | Found Dunarof's Jewellery Shoppe.
  1010 | D:2      | Found a faded altar of an unknown god.
  1196 | D:2      | Reached XP level 3. HP: 13/31 MP: 3/3
  1407 | D:2      | Found Diguitau's Magic Scroll Emporium.
  1959 | D:3      | Found Merhe's Armour Shop.
  2031 | D:3      | Found Viveal's Weapon Boutique.
  2231 | D:3      | Found Qyal's Antique Armour Shop.
  2401 | D:3      | Reached XP level 4. HP: 31/40 MP: 4/4
  2487 | D:3      | Noticed an ogre
  2787 | D:3      | Found Evauneck's Jewellery Emporium.
  2793 | D:3      | Found Seodellutre's Magic Scroll Boutique.
  3286 | D:3      | Reached skill level 1 in Stealth
  3328 | D:4      | Reached XP level 5. HP: 46/46 MP: 5/5
  3392 | D:4      | Noticed a water moccasin
  3415 | D:4      | Killed a water moccasin
  3422 | D:4      | HP: 2/46 [poisoned by a water moccasin]
  3785 | D:4      | Reached XP level 6. HP: 20/52 MP: 6/6
  4618 | D:4      | Found a staircase to the Ecumenical Temple.
  4751 | D:4      | Noticed Dowan
  4753 | D:4      | Noticed Duvessa
  4771 | D:5      | Entered Level 5 of the Dungeon
  4865 | D:5      | Your scales start taking on an icy white colour.
  4865 | D:5      | Reached XP level 7. HP: 44/60 MP: 7/7
  4865 | D:5      | Gained mutation: Your flesh is cold resistant. (rC+) [White
                  | Draconian growth]
  5133 | D:5      | Slain by a water moccasin

Illustrated notes

Levels and vault maps discovered:
D:1:      lemuel_arrival_behind_the_door_small, layout_basic, serial_shops, shop
D:2:      layout_basic, serial_shops, nicolae_shop_waterfront,
          hellmonk_ecumenical_altar_pennies_from_heaven, lemuel_old_faithful
D:3:      lemuel_castle_with_subvaults [lemuel_castle_interior_original],
          layout_basic, mainiacjoe_overflow_surrounded_room, serial_shops, shop,
          nicolae_shop_temple_entry_statues_fountains,
          nicolae_shop_bloodbath_and_beyond, nicolae_shop_behind_doors,
          nicolae_shop_crystal
D:4:      layout_cave_pods, minmay_temple_entry_glassed_door, kennysheep_boxes,
          uniq_duvessa
D:5:      layout_rooms, fedhas_ov_isle_minmay, grunt_ministairs_8,
          nicolae_concentric_dashed_squares_wild, minivault_24,
          hangedman_feature_mirror

Skill      XL: |  1  2  3  4  5  6 |
---------------+-------------------+-----
Dodging        | 3 4 |  4.4
Short Blades   | 3 4 |  4.7
Stealth        | 1 2 |  2.2
Fighting       | 4 |  4.7
Shields        | 4 |  4.3

Action                   |  1- 3 |  4- 6 |  7- 9 || total
-------------------------+-------+-------+-------++-------
Melee: Rapier            |    83 |       |       ||    83
       Tailslap          |    10 |    26 |     3 ||    39
       Dagger            |    52 |   264 |    30 ||   346
 Abil: Breathe Frost     |       |       |     2 ||     2
  Use: Potion            |       |     1 |       ||     1
 Stab: Sleeping          |     1 |     2 |       ||     3
Armor: Skin              |    38 |    58 |     5 ||   101
Dodge: Dodged            |    77 |   108 |    22 ||   207
Block: Buckler           |    37 |    43 |     2 ||    82
